 Dungeon Crawl Stone Soup version 0.19-a0-35-g3484356 (webtiles) character file.

123 Steelers13 the Chopper (level 4, -2/41 HPs)
             Began as a Minotaur Berserker on May 2, 2016.
             Was a Follower of Trog.
             Slain by Edmund
             ... wielding a +1 flail of protection
              (7 damage)
             ... on level 5 of the Dungeon.
             The game lasted 00:29:32 (1575 turns).

Steelers13 the Chopper (Minotaur Berserker)         Turns: 1575, Time: 00:29:33

Health: -2/41      AC:  6    Str: 21    XL:     4   Next: 80%
Magic:  3/3        EV: 12    Int:  4    God:    Trog [*.....]
Gold:   90         SH:  0    Dex: 11    Spells: 0 memorised, 3 levels left

rFire  . . .     SeeInvis .     a - +0 hand axe
rCold  . . .     Gourm    .     g - +0 ring mail
rNeg   . . .     Faith    .     (no shield)
rPois  .         Spirit   .     (helmet restricted)
rElec  .         Dismiss  .     m - +0 cloak
rCorr  .         Reflect  .     (no gloves)
SustAt .         Harm     .     (no boots)
MR     .....                    (no amulet)
Stlth  +.........               (no ring)
                                (no ring)

@: not resistant to hostile enchantments, very unstealthy
A: retaliatory headbutt, horns 2
a: Berserk, Burn Spellbooks, Renounce Religion


You were on level 5 of the Dungeon.
You worshipped Trog.
Trog was aware of your devotion.
You were not hungry.

You visited 1 branch of the dungeon, and saw 4 of its levels.

You collected 90 gold pieces.

Inventory:

Hand Weapons
 a - a +0 hand axe (weapon)
 p - a +0 short sword
Armour
 g - a +0 ring mail (worn)
 i - a +0 scale mail
 l - a +0 chain mail
 m - a +0 cloak (worn)
Jewellery
 f - an uncursed ring of resist corrosion {unknown}
Scrolls
 b - a scroll of noise {unknown}
 j - a scroll of fear {unknown}
 k - 3 scrolls of identify {unknown}
 n - a scroll of amnesia {unknown}
 o - 4 scrolls of remove curse {unknown}
Potions
 e - a potion of cure mutation {unknown}
Comestibles
 c - 2 chunks of flesh
 d - 2 meat rations
 h - a slice of pizza


   Skills:
 + Level 4.4 Fighting
 * Level 5.1 Axes
 + Level 3.2 Armour
 + Level 3.2 Dodging


You had 3 spell levels left.
You didn't know any spells.

Dungeon Overview and Level Annotations

Branches:
Dungeon (3/15)

Altars:
Pakellas
Xom

Annotations:
D:5 Edmund


Innate Abilities, Weirdness & Mutations

You reflexively headbutt those who attack you in melee.
You have a pair of horns on your head.


Message History

You hit Edmund but do no damage. You headbutt Edmund, but do no damage.
Edmund is moderately wounded.
Edmund hits you with a flail of protection!
* * * LOW HITPOINT WARNING * * *
You hit Edmund.
Edmund is moderately wounded.
Edmund closely misses you. You furiously retaliate!
You headbutt Edmund, but do no damage. You hit Edmund but do no damage.
You headbutt Edmund.
Edmund is heavily wounded.
Edmund hits you with a flail of protection.
* * * LOW HITPOINT WARNING * * *
You hit Edmund.
Edmund is heavily wounded.
Edmund hits you with a flail of protection.
* * * LOW HITPOINT WARNING * * *
You barely miss Edmund.
Edmund is heavily wounded.
Edmund hits you with a flail of protection!
You die...

#...........#####
###.........#.....#
#...........#.....#
###...........#.....#
#.............#.....#
......#.#.............#
###.............#.....#
#.....#.#.............#
............@@.#......#
>.............##......#
.........#######.######
.........# ..... ....
...


You could see Edmund.

Vanquished Creatures
  Crazy Yiuf (D:2)
  A centaur skeleton (D:5)
  4 adders
  An ooze (D:1)
  An adder skeleton (D:5)
  A worm (D:2)
  A giant cockroach (D:2)
  2 goblins
  2 hobgoblins (D:2)
  A quokka (D:3)
  2 bats (D:1)
  4 kobolds
  4 rats
25 creatures vanquished.

Notes
Turn   | Place    | Note
--------------------------------------------------------------
     0 | D:1      | Steelers13 the Minotaur Berserker began the quest for the Orb.
     0 | D:1      | Reached XP level 1. HP: 19/19 MP: 0/0
   138 | D:1      | Reached XP level 2. HP: 23/27 MP: 1/1
   321 | D:2      | Noticed Crazy Yiuf
   325 | D:2      | Killed Crazy Yiuf
   325 | D:2      | Reached skill level 4 in Axes
   325 | D:2      | Reached XP level 3. HP: 33/33 MP: 2/2
   954 | D:2      | Reached XP level 4. HP: 38/40 MP: 3/3
  1439 | D:3      | Found an oddly glowing altar of Pakellas.
  1443 | D:3      | Found a shimmering altar of Xom.
  1445 | D:3      | Found a shimmering altar of Xom.
  1464 | D:3      | You fall through a shaft for 2 floors!
  1464 | D:5      | Entered Level 5 of the Dungeon
  1473 | D:5      | Reached skill level 5 in Axes
  1556 | D:5      | Noticed Edmund
  1575 | D:5      | Slain by Edmund

Vault maps used:
D:1:      saegor_arrival_simple_d
D:2:      gammafunk_temple_overflow_pools, grunt_ministairs_2,
          uniq_crazy_yiuf_cottage
D:3:      lemuel_crystal_altar, xom_redecorated
D:5:      lemuel_round_altar, first_bread, serial_glass, glass_columns_a,
          glass_columns_a, glass_columns_b, glass_columns_b, glass_columns_a,
          glass_columns_c, glass_columns_a, glass_columns_c, glass_columns_a,
          glass_columns_c, glass_columns_a, glass_columns_a, glass_columns_a,
          glass_columns_c, portal_sewer_entry_d, minmay_misc_feat_chi,
          grunt_pakellas_salt, uniq_edmund

Skill      XL: |  1  2  3  4 |
---------------+-------------+-----
Fighting       | 4 |  4.4
Axes           | 4 5 |  5.1
Armour         | 3 |  3.2
Dodging        | 3 |  3.2

Action                   |  1- 3 |  4- 6 || total
-------------------------+-------+-------++-------
Melee: Hand axe          |    35 |    32 ||    67
       Headbutt          |    10 |    11 ||    21
Invok: Berserk           |     1 |       ||     1
  Eat: Chunk             |     1 |       ||     1
       Bread ration      |       |     1 ||     1
Armor: Chain mail        |     7 |     3 ||    10
       Ring mail         |       |     4 ||     4
Dodge: Dodged            |    13 |    18 ||    31
